[Event "Sunday 21 January Rapid Engine Tour 12+1 Rounds 9 Starts 1600 ST"]
[Site "Infinity Chess"]
[Date "2018.1.21"]
[Round "4"]
[White "Stabels"]
[Black "Katzenmaier"]
[Result "1-0"]
[ECO "D31"]
[WhiteElo "2444"]
[BlackElo "2433"]
[WhiteEngine "asmFishW_2018-01-12_bmi2"]
[BlackEngine "H6_Pro_x64-popc_CTG"]
[EventType "Swiss"]
[WhiteTeam ""]
[BlackTeam ""]
[PlyCount "117"]
[TimeControl "720+1"]

1. d4 d5 2. c4 e6 3. Nc3 c6 4. Nf3 Nf6 5. e3 Nbd7 6. Qc2 Bd6 7. Bd3 dxc4 
8. Bxc4 O-O 9. O-O a6 10. Rd1 b5 11. Bd3 Bb7 12. Ng5 h6 13. Nge4 Bc7 14. a3 a5 
15. b3 Qe7 16. Bb2 Nd5 17. g3 Rfc8 18. Bf1 f5 19. Nd2 N7f6 20. Re1 Bb6 
21. e4 Nxc3 22. Qxc3 fxe4 23. Nxe4 c5 24. Nxf6+ Qxf6 25. Qe3 Bd5 26. dxc5 Qxb2 
27. cxb6 Rc3 28. Bd3 Qxb3 29. Reb1 Rxd3 30. Rxb3 Rxe3 31. Rxe3 Rb8 32. Rb1 Rxb6 
33. Kf1 Kf7 34. Rc3 Bc6 35. f4 Ke7 36. Rc4 b4 37. Ke1 b3 38. Kd2 Bd5 
39. Rc7+ Kd6 40. Rxg7 b2 41. Kc3 Rb3+ 42. Kc2 Rxa3 43. Ra7 Kc5 44. Kxb2 Ra2+ 
45. Kc3 Ra3+ 46. Kc2 Ra2+ 47. Rb2 Ra3 48. Kd2 Kd4 49. Ke2 Ra1 50. Rd2+ Ke4 
51. Kf2 Ra3 52. Re2+ Kd4 53. f5 Rf3+ 54. Kg1 Rxf5 55. Rxa5 h5 56. Re1 Kc3 
57. Ra4 Kd2 58. Rf1 Rxf1+ 59. Kxf1 1-0

[Event "Sunday 21 January Rapid Engine Tour 12+1 Rounds 9 Starts 1600 ST"]
[Site "Infinity Chess"]
[Date "2018.1.21"]
[Round "4"]
[White "angriff"]
[Black "SkyPilot"]
[Result "1/2-1/2"]
[ECO "D10"]
[WhiteElo "2449"]
[BlackElo "2445"]
[WhiteEngine "Raubfisch ME262_GTZ16b2_CTG"]
[BlackEngine "stockfish_x64_bmi2_2018_01_13_CTG"]
[EventType "Swiss"]
[WhiteTeam ""]
[BlackTeam ""]
[PlyCount "131"]
[TimeControl "720+1"]

1. d4 d5 2. c4 c6 3. cxd5 cxd5 4. Bf4 Nc6 5. e3 Nf6 6. Nc3 a6 7. Bd3 Bg4 
8. Qb3 Na5 9. Qc2 Bh5 10. Rc1 e6 11. Nge2 Bg6 12. Bxg6 hxg6 13. O-O Rc8 
14. Qd3 Nh5 15. Be5 Nc6 16. a3 Nf6 17. Bg3 Be7 18. b4 O-O 19. Na4 Ne4 
20. Bf4 Re8 21. f3 Nd6 22. Nc5 Qb6 23. Bxd6 Bxd6 24. Rfd1 Qc7 25. h3 a5 
26. Qb5 axb4 27. axb4 Rb8 28. e4 Rec8 29. Rc3 Qd8 30. e5 Bxc5 31. Rxc5 Kh7 
32. f4 Qe7 33. Kh1 Rf8 34. Kh2 Ra8 35. Rc2 Ra3 36. Qc5 Rb3 37. Qxe7 Nxe7 
38. Rdd2 Nf5 39. Rb2 Rxb2 40. Rxb2 Ra8 41. Kg1 Ne3 42. Nc3 g5 43. fxg5 Kg6 
44. Rf2 Ra1+ 45. Kh2 Rc1 46. Nb5 Rc4 47. Nd6 Rxd4 48. Rxf7 Rxb4 49. Kg3 d4 
50. Kf3 Rb3 51. Rxb7 Rxb7 52. Nxb7 Kf5 53. g4+ Kxe5 54. h4 Nc4 55. h5 d3 
56. Nc5 d2 57. Nd3+ Kd4 58. Nf2 Ne5+ 59. Ke2 d1=Q+ 60. Kxd1 Ke3 61. Nh1 Nxg4 
62. h6 gxh6 63. gxh6 Nxh6 64. Ke1 e5 65. Nf2 Kd4 66. Kd1 1/2-1/2

[Event "Sunday 21 January Rapid Engine Tour 12+1 Rounds 9 Starts 1600 ST"]
[Site "Infinity Chess"]
[Date "2018.1.21"]
[Round "4"]
[White "Marsell"]
[Black "BraveDevil"]
[Result "1/2-1/2"]
[ECO "B90"]
[WhiteElo "2461"]
[BlackElo "2390"]
[WhiteEngine "asmFishW_2018-01-11_popcnt"]
[BlackEngine "Cryptic AIL V1"]
[EventType "Swiss"]
[WhiteTeam ""]
[BlackTeam ""]
[PlyCount "174"]
[TimeControl "720+1"]

1. e4 c5 2. Nf3 d6 3. d4 cxd4 4. Nxd4 Nf6 5. Nc3 a6 6. Be3 e5 7. Nb3 Be7 
8. Be2 Be6 9. Qd3 Nc6 10. a3 Rc8 11. Nd5 O-O 12. O-O Nd7 13. Qd2 h6 14. h3 Bg5 
15. Bxg5 Qxg5 16. Qxg5 hxg5 17. Rad1 g6 18. c3 Rfd8 19. Rfe1 Kg7 20. Nd2 b5 
21. Nf3 f6 22. c4 Bxd5 23. cxd5 Ne7 24. Rc1 Rxc1 25. Rxc1 Rc8 26. Rxc8 Nxc8 
27. Nd2 Ncb6 28. b3 f5 29. f3 Nc5 30. g4 Kf7 31. Kf1 Ke7 32. Kf2 Nbd7 
33. Ke3 Nb6 34. Kf2 Nbd7 35. Ke3 Nb6 36. Bf1 Nbd7 37. b4 f4+ 38. Kf2 Na4 
39. Ke1 Nc3 40. Bd3 Nb6 41. Nb3 Nc8 42. Kd2 Na4 43. Na5 Na7 44. Be2 Kd8 
45. Nb7+ Kd7 46. Kd3 Nc8 47. Kd2 Ne7 48. Na5 Nb6 49. Kc3 Na4+ 50. Kc2 Kc7 
51. Bd3 Kd7 52. Nb3 Nb6 53. Na5 Na4 54. Bf1 Nb6 55. Kb3 Kd8 56. Be2 Kd7 
57. Kc2 Kc7 58. Kd3 Kd8 59. Kd2 Kd7 60. Bd3 Na4 61. Ke2 Kd8 62. Nb7+ Kc7 
63. Na5 Nb6 64. Kd2 Kd7 65. Ke2 Kc7 66. Kd1 Na4 67. Kd2 Nb6 68. Kd1 Na4 
69. Bf1 Kd7 70. Kc2 Nb6 71. Kd3 Kc7 72. Kd2 Na4 73. Kc1 Kd8 74. Kd2 Kd7 
75. Kd3 Nb6 76. Ke2 Na8 77. Kd2 Nc7 78. Kc2 Nc8 79. Bd3 Nb6 80. Kb3 Na4 
81. Kc2 Nb6 82. Be2 Ke8 83. Kb3 Na4 84. Nc4 Kd7 85. Nd2 Kd8 86. Bd3 Nb6 
87. Nb1 Ke7 1/2-1/2

[Event "Sunday 21 January Rapid Engine Tour 12+1 Rounds 9 Starts 1600 ST"]
[Site "Infinity Chess"]
[Date "2018.1.21"]
[Round "4"]
[White "Prometheus"]
[Black "Thinker"]
[Result "1/2-1/2"]
[ECO "D00"]
[WhiteElo "2418"]
[BlackElo "2426"]
[WhiteEngine "Eman 1.58-64bit-IDeA"]
[BlackEngine "BrainFish_180113_x64_modern_CTG"]
[EventType "Swiss"]
[WhiteTeam ""]
[BlackTeam ""]
[PlyCount "80"]
[TimeControl "720+1"]

1. d4 d5 2. Bf4 Nf6 3. Nf3 c5 4. e3 Nc6 5. h3 cxd4 6. exd4 Bf5 7. Bd3 Be4 
8. c3 Qb6 9. b3 e6 10. Qe2 Bxd3 11. Qxd3 Ne4 12. O-O Bd6 13. Bxd6 Nxd6 
14. Na3 O-O 15. Nc2 Ne7 16. Ne3 Ng6 17. Rfe1 Qc6 18. Ne5 Nf4 19. Qc2 Qa6 
20. c4 Rac8 21. a4 dxc4 22. bxc4 Rfd8 23. Rac1 b6 24. Red1 Qb7 25. c5 Ne8 
26. h4 Qa6 27. Kh2 Ne2 28. Qc4 Qxc4 29. Rxc4 f6 30. Nf3 bxc5 31. dxc5 Rxd1 
32. Nxd1 e5 33. g3 Rd8 34. Ne3 Kf7 35. c6 Nc7 36. Kg2 Ke6 37. Rg4 Ne8 
38. Rc4 Nc7 39. Rg4 Ne8 40. Rc4 Nc7 1/2-1/2

[Event "Sunday 21 January Rapid Engine Tour 12+1 Rounds 9 Starts 1600 ST"]
[Site "Infinity Chess"]
[Date "2018.1.21"]
[Round "4"]
[White "incredible"]
[Black "star99"]
[Result "1/2-1/2"]
[ECO "A50"]
[WhiteElo "2448"]
[BlackElo "2446"]
[WhiteEngine "Stockfish_x64_bmi2"]
[BlackEngine "Cryptic AIL V1"]
[EventType "Swiss"]
[WhiteTeam ""]
[BlackTeam ""]
[PlyCount "123"]
[TimeControl "720+1"]

1. d4 Nf6 2. c4 c6 3. Nc3 d5 4. Nf3 e6 5. e3 Nbd7 6. Qc2 Bd6 7. Bd3 O-O 
8. O-O dxc4 9. Bxc4 a6 10. Rd1 b5 11. Bd3 Bb7 12. Ng5 h6 13. Nge4 Bc7 14. a3 Qe7 
15. b4 a5 16. bxa5 Rxa5 17. Bb2 Rfa8 18. g3 Nd5 19. Na2 R5a7 20. Rac1 e5 
21. Nec3 N5f6 22. Ne4 Nd5 23. Nc5 Nxc5 24. dxc5 Ra4 25. Qb3 Nf6 26. Bf1 Qe8 
27. Bg2 Bc8 28. Nb4 e4 29. Rd2 Be6 30. Qc2 Bf5 31. h3 Qe6 32. Rcd1 h5 
33. Qc3 Re8 34. Rd6 Bxd6 35. Rxd6 Qc4 36. Qd2 Be6 37. Rxc6 Rea8 38. Bf1 Qb3 
39. Rd6 Rxa3 40. Bxa3 Rxa3 41. Qe1 Qb2 42. Rd2 Ra1 43. Rxb2 Rxe1 44. Kg2 Rc1 
45. c6 Rc5 46. Nc2 Rxc6 47. Nd4 Rb6 48. Nxe6 fxe6 49. Rxb5 Rxb5 50. Bxb5 Kf7 
51. h4 Kg6 52. Be2 Kf5 53. Bd1 Ng4 54. Kf1 g6 55. Bxg4+ Kxg4 56. Ke2 e5 
57. Kf1 Kf5 58. Ke2 Kg4 59. Kd2 Kf5 60. Ke2 Kf6 61. Kd2 Kf5 62. Ke2 1/2-1/2

[Event "Sunday 21 January Rapid Engine Tour 12+1 Rounds 9 Starts 1600 ST"]
[Site "Infinity Chess"]
[Date "2018.1.21"]
[Round "4"]
[White "MarioDeMonti"]
[Black "ocirema"]
[Result "1/2-1/2"]
[ECO "C55"]
[WhiteElo "2449"]
[BlackElo "2453"]
[WhiteEngine "stockfish_x64_bmi2_2018_01_13_CTG"]
[BlackEngine "stockfish_18011309_x64_modern_CTG"]
[EventType "Swiss"]
[WhiteTeam ""]
[BlackTeam ""]
[PlyCount "90"]
[TimeControl "720+1"]

1. e4 e5 2. Nf3 Nc6 3. Bc4 Nf6 4. d3 Bc5 5. c3 O-O 6. O-O d6 7. b4 Bb6 8. a4 a5 
9. b5 Ne7 10. Bg5 Ng6 11. Nh4 Kh8 12. Nd2 h6 13. Bxf6 Qxf6 14. Nxg6+ Qxg6 
15. Kh1 c6 16. Rb1 Bc7 17. f3 f5 18. Re1 Bd7 19. Nf1 Bd8 20. Ne3 f4 21. Nf1 Bf6 
22. Nd2 Qe8 23. Qc2 Rd8 24. bxc6 bxc6 25. Qa2 Ra8 26. Red1 Rb8 27. Rb3 Rxb3 
28. Qxb3 d5 29. exd5 cxd5 30. Bb5 Qf7 31. c4 Be6 32. cxd5 Bxd5 33. Bc4 Rd8 
34. h3 Bxc4 35. Nxc4 e4 36. fxe4 Qh5 37. Qc2 f3 38. Rf1 fxg2+ 39. Kxg2 Qg5+ 
40. Kh2 Be5+ 41. Nxe5 Qxe5+ 42. Kg2 Qg5+ 43. Kh2 Qe5+ 44. Kg2 Qg5+ 45. Kh2 Qe5+ 
1/2-1/2

[Event "Sunday 21 January Rapid Engine Tour 12+1 Rounds 9 Starts 1600 ST"]
[Site "Infinity Chess"]
[Date "2018.1.21"]
[Round "4"]
[White "Ninja_Bp"]
[Black "hafaba"]
[Result "1/2-1/2"]
[ECO "A40"]
[WhiteElo "2460"]
[BlackElo "2450"]
[WhiteEngine "Houdini 6_CTG"]
[BlackEngine "Stockfish SL FA POPCNT_CTG"]
[EventType "Swiss"]
[WhiteTeam ""]
[BlackTeam ""]
[PlyCount "85"]
[TimeControl "720+1"]

1. d4 c6 2. e4 d5 3. Nc3 dxe4 4. Nxe4 Bf5 5. Ng3 Bg6 6. Nf3 e6 7. Bd3 c5 
8. O-O Nf6 9. Bxg6 hxg6 10. Bg5 Nc6 11. dxc5 Qxd1 12. Raxd1 Bxc5 13. Rfe1 Be7 
14. h3 Rd8 15. Rxd8+ Kxd8 16. Kf1 b5 17. Rc1 Kd7 18. c4 bxc4 19. Rxc4 Rb8 
20. b3 Rb4 21. Rc1 Rb6 22. Ne2 Nd5 23. Bxe7 Kxe7 24. a3 Ra6 25. Nc3 Nd8 
26. a4 Nb4 27. Ne5 Ndc6 28. Nc4 Nd4 29. Nb5 Nxb5 30. axb5 Ra2 31. Ne5 Nd5 
32. g3 g5 33. Nc6+ Kf6 34. Rd1 Kg6 35. Ne5+ Kf6 36. Nc6 g6 37. Rd3 Ra3 
38. Rf3+ Kg7 39. Nd8 Nf6 40. Rc3 Nd5 41. Rf3 Nf6 42. Rc3 Nd5 43. Rf3 1/2-1/2

[Event "Sunday 21 January Rapid Engine Tour 12+1 Rounds 9 Starts 1600 ST"]
[Site "Infinity Chess"]
[Date "2018.1.21"]
[Round "4"]
[White "Deep_Impact"]
[Black "RonWeasley"]
[Result "1/2-1/2"]
[ECO "A46"]
[WhiteElo "2511"]
[BlackElo "2492"]
[WhiteEngine "BrainFish_180113_x64_modern"]
[BlackEngine "BrainFish 130117_CTG"]
[EventType "Swiss"]
[WhiteTeam ""]
[BlackTeam ""]
[PlyCount "75"]
[TimeControl "720+1"]

1. d4 Nf6 2. Nf3 d5 3. Bf4 c5 4. e3 Nc6 5. Nbd2 Qb6 6. dxc5 Qxb2 7. Rb1 Qc3 
8. Bb5 e6 9. O-O Be7 10. Ne5 Bd7 11. Ndf3 O-O 12. e4 Be8 13. Bd2 Qxc5 
14. Nxc6 Bxc6 15. Bb4 Qxb4 16. Rxb4 Bxb4 17. Bxc6 bxc6 18. e5 Ne4 19. Qd3 Rab8 
20. a3 Ba5 21. Nd4 Rfc8 22. Qa6 Bb6 23. Nb3 Bc7 24. Nd4 Nc5 25. Qe2 Ba5 
26. g3 Rb2 27. Qe3 Ne4 28. Nxc6 Rxc6 29. Qxa7 Rbxc2 30. Qxa5 Rc8 31. Qa7 g6 
32. f3 Ng5 33. Kh1 Nh3 34. Rb1 Nf2+ 35. Kg1 Nh3+ 36. Kh1 Nf2+ 37. Kg1 Nh3+ 
38. Kh1 1/2-1/2

[Event "Sunday 21 January Rapid Engine Tour 12+1 Rounds 9 Starts 1600 ST"]
[Site "Infinity Chess"]
[Date "2018.1.21"]
[Round "3"]
[White "Katzenmaier"]
[Black "Eman"]
[Result "1/2-1/2"]
[ECO "C26"]
[WhiteElo "2432"]
[BlackElo "2468"]
[WhiteEngine "Raubfisch X36e3_CTG"]
[BlackEngine "Eman 1.65 64-bit POPCNT"]
[EventType "Swiss"]
[WhiteTeam ""]
[BlackTeam ""]
[PlyCount "52"]
[TimeControl "720+1"]

1. e4 e5 2. Nc3 Nf6 3. g3 Nc6 4. Bg2 Bc5 5. d3 O-O 6. Nge2 Re8 7. O-O Nd4 
8. Nxd4 Bxd4 9. Nd5 Nxd5 10. exd5 d6 11. c3 Bb6 12. b4 a5 13. a4 Bd7 14. b5 f5 
15. Qh5 Rf8 16. Be3 Qf6 17. Rae1 Rae8 18. Bg5 Qf7 19. Qxf7+ Rxf7 20. Bd2 Ref8 
21. h4 f4 22. gxf4 Bf5 23. Be4 Bh3 24. Bg2 Bf5 25. Be4 Bh3 26. Bg2 Bf5 1/2-1/2

[Event "Sunday 21 January Rapid Engine Tour 12+1 Rounds 9 Starts 1600 ST"]
[Site "Infinity Chess"]
[Date "2018.1.21"]
[Round "3"]
[White "KhalidOmar"]
[Black "Stabels"]
[Result "1/2-1/2"]
[ECO "C65"]
[WhiteElo "2472"]
[BlackElo "2443"]
[WhiteEngine "Eman 1.65 64-bit BMI2"]
[BlackEngine "asmFishW_2018-01-12_bmi2"]
[EventType "Swiss"]
[WhiteTeam ""]
[BlackTeam ""]
[PlyCount "143"]
[TimeControl "720+1"]

1. e4 e5 2. Nf3 Nc6 3. Bb5 Nf6 4. O-O Nxe4 5. Re1 Nd6 6. Nxe5 Be7 7. Bf1 Nxe5 
8. Rxe5 O-O 9. Nc3 Bf6 10. Re1 Re8 11. Rxe8+ Nxe8 12. Nd5 Bg5 13. c4 c6 
14. Nc3 d5 15. cxd5 cxd5 16. d4 Bxc1 17. Rxc1 Be6 18. g3 h6 19. Ne2 g5 
20. Bg2 Nd6 21. Nc3 Nf5 22. Rc2 Rc8 23. Rd2 Kg7 24. Qe2 Qd6 25. Qf3 Rc4 
26. Qd1 a6 27. Bf1 Rc8 28. Na4 Rc7 29. a3 Qd8 30. Nc5 Qf6 31. Nxe6+ Qxe6 
32. Re2 Qb6 33. Re5 Qxd4 34. Rxd5 Qxd1 35. Rxd1 Kf6 36. Bg2 Ke5 37. b4 Nd6 
38. f4+ gxf4 39. gxf4+ Ke6 40. Rd3 Rc1+ 41. Kf2 Rc2+ 42. Kg3 b6 43. Bd5+ Kf6 
44. h3 a5 45. bxa5 bxa5 46. Kg4 Nf5 47. Be4 Rc5 48. Bxf5 h5+ 49. Kxh5 Kxf5 
50. Rd4 Rc3 51. h4 Rxa3 52. Rd6 a4 53. Rd1 Ke6 54. Re1+ Kf6 55. Kg4 Kg6 
56. h5+ Kh7 57. Re7 Kg7 58. Ra7 Ra2 59. f5 a3 60. Kg5 Rg2+ 61. Kf4 a2 62. Ra6 f6 
63. Ra8 Kf7 64. h6 Rh2 65. Ra7+ Kg8 66. h7+ Kh8 67. Ra8+ Kxh7 68. Ke3 a1=Q 
69. Rxa1 Kh6 70. Ke4 Kh5 71. Rb1 Rh3 72. Kd5 1/2-1/2

[Event "Sunday 21 January Rapid Engine Tour 12+1 Rounds 9 Starts 1600 ST"]
[Site "Infinity Chess"]
[Date "2018.1.21"]
[Round "3"]
[White "Marsell"]
[Black "angriff"]
[Result "1/2-1/2"]
[ECO "B00"]
[WhiteElo "2462"]
[BlackElo "2448"]
[WhiteEngine "asmFishW_2018-01-11_popcnt"]
[BlackEngine "Raubfisch ME262_GTZ16b2_CTG"]
[EventType "Swiss"]
[WhiteTeam ""]
[BlackTeam ""]
[PlyCount "118"]
[TimeControl "720+1"]

1. e4 Nc6 2. d4 d5 3. e5 Bf5 4. c3 e6 5. Nd2 f6 6. Ngf3 fxe5 7. Nxe5 Nxe5 
8. dxe5 c6 9. Nf3 Bc5 10. Nd4 Ne7 11. Be2 O-O 12. O-O Qb6 13. Nb3 Rf7 14. Bg5 h6 
15. Nxc5 hxg5 16. b4 Qc7 17. Re1 b6 18. Nb3 c5 19. h3 Raf8 20. bxc5 bxc5 
21. Qd2 Be4 22. f3 Bf5 23. Qxg5 Qxe5 24. Nxc5 Qxc3 25. Rac1 Qd4+ 26. Kh1 Rc8 
27. Nd7 Rd8 28. Nc5 Rc8 29. Red1 Qe5 30. Bf1 Qd6 31. Qe3 Qb6 32. a4 e5 
33. Be2 Rc6 34. Bb5 Rc7 35. Be2 Rc6 36. Qc3 d4 37. Qc4 Qc7 38. f4 Qc8 
39. fxe5 Bxh3 40. Rxd4 Rh6 41. Rh4 Qc6 42. Bf3 Rxh4 43. Bxc6 Rxc4 44. Rxc4 Nxc6 
45. gxh3 Nxe5 46. Re4 Rf1+ 47. Kh2 Rf5 48. Kg3 Rf3+ 49. Kh4 Rf5 50. Ne6 Kf7 
51. Nd4 Ng6+ 52. Kg4 Rd5 53. Nf3 Kf6 54. h4 Ne5+ 55. Nxe5 Rxe5 56. Rxe5 Kxe5 
57. h5 Kf6 58. h6 gxh6 59. a5 Kg6 1/2-1/2

[Event "Sunday 21 January Rapid Engine Tour 12+1 Rounds 9 Starts 1600 ST"]
[Site "Infinity Chess"]
[Date "2018.1.21"]
[Round "3"]
[White "BraveDevil"]
[Black "Thinker"]
[Result "1/2-1/2"]
[ECO "D37"]
[WhiteElo "2388"]
[BlackElo "2428"]
[WhiteEngine "Cryptic AIL V1"]
[BlackEngine "BrainFish_180113_x64_modern_CTG"]
[EventType "Swiss"]
[WhiteTeam ""]
[BlackTeam ""]
[PlyCount "132"]
[TimeControl "720+1"]

1. d4 d5 2. c4 e6 3. Nc3 Nf6 4. Nf3 Be7 5. Bf4 O-O 6. e3 Nbd7 7. c5 c6 8. Bd3 b6 
9. b4 a5 10. a3 Nh5 11. Be5 f6 12. Bg3 axb4 13. axb4 Rxa1 14. Qxa1 e5 15. b5 Bb7 
16. Qb1 g6 17. bxc6 Bxc6 18. Bb5 Bxb5 19. Qxb5 bxc5 20. O-O e4 21. Nd2 cxd4 
22. Nxd5 Nxg3 23. hxg3 dxe3 24. Nxe3 Ne5 25. Nxe4 Kg7 26. Rb1 Qd4 27. Qb7 Rf7 
28. Rd1 Qa4 29. Qd5 h5 30. Rb1 Qd7 31. Rb6 Qxd5 32. Nxd5 f5 33. Re6 Ng4 
34. Nxe7 fxe4 35. Nxg6 Rxf2 36. Nf4 Ra2 37. Kf1 Ne3+ 38. Kg1 Ra1+ 39. Kf2 Ng4+ 
40. Ke2 Ra2+ 41. Kf1 Ne3+ 42. Kg1 Ra1+ 43. Kf2 Ng4+ 44. Ke2 Nf6 45. Ke3 Ra2 
46. Re7+ Kh6 47. Kd4 Ra4+ 48. Ke5 Ng4+ 49. Kf5 Ne3+ 50. Kf6 Ng4+ 51. Kf5 Ne3+ 
52. Kf6 Ra5 53. Rxe4 Ng4+ 54. Ke7 Kg5 55. Ne2 Ra7+ 56. Kd6 Ra6+ 57. Kc5 Ra5+ 
58. Kb6 Re5 59. Rxe5+ Nxe5 60. Kb5 Kg4 61. Kb6 Nd3 62. Kc6 Ne1 63. Kc5 Nxg2 
64. Kd4 Ne1 65. Ke4 h4 66. gxh4 Ng2 1/2-1/2

[Event "Sunday 21 January Rapid Engine Tour 12+1 Rounds 9 Starts 1600 ST"]
[Site "Infinity Chess"]
[Date "2018.1.21"]
[Round "3"]
[White "star99"]
[Black "Prometheus"]
[Result "1/2-1/2"]
[ECO "E12"]
[WhiteElo "2447"]
[BlackElo "2417"]
[WhiteEngine "Cryptic AIL V1"]
[BlackEngine "Eman 1.58-64bit-IDeA"]
[EventType "Swiss"]
[WhiteTeam ""]
[BlackTeam ""]
[PlyCount "117"]
[TimeControl "720+1"]

1. d4 Nf6 2. c4 e6 3. Nf3 b6 4. Nc3 Bb4 5. e3 Ne4 6. Qc2 Bb7 7. Bd3 f5 
8. O-O Bxc3 9. bxc3 O-O 10. Nd2 Nxd2 11. Bxd2 Qh4 12. f3 d6 13. Be1 Qh5 
14. Bg3 Nd7 15. c5 bxc5 16. Qb3 Bd5 17. Qb5 Rad8 18. e4 Ba8 19. Bc4 Qg6 
20. exf5 Qxf5 21. Bh4 Nf6 22. Rae1 Bd5 23. dxc5 Bxc4 24. Qxc4 Qxc5+ 
25. Qxc5 dxc5 26. Rxe6 Rd3 27. Rb1 Rxc3 28. Re7 Nd5 29. Rd7 Nf4 30. Bg3 h5 
31. Re1 Nd3 32. Be5 Nxe5 33. Rxe5 Rc1+ 34. Kf2 Rf6 35. Kg3 Rg6+ 36. Kh3 Rc2 
37. g3 Rxa2 38. f4 c6 39. Rd8+ Kf7 40. Rd7+ Kg8 41. Rxh5 c4 42. Rc5 Rh6+ 
43. Kg4 Raxh2 44. Rg5 c3 45. Rdxg7+ Kf8 46. Rxa7 Re6 47. Rc5 Rg6+ 48. Kf5 Rh5+ 
49. Kxg6 Rxc5 50. Kf6 Ke8 51. Ra8+ Kd7 52. Ra1 c2 53. Rc1 Rc4 54. f5 Kd6 
55. g4 Rxg4 56. Rxc2 c5 57. Rd2+ Rd4 58. Ra2 c4 59. Ra6+ 1/2-1/2

[Event "Sunday 21 January Rapid Engine Tour 12+1 Rounds 9 Starts 1600 ST"]
[Site "Infinity Chess"]
[Date "2018.1.21"]
[Round "3"]
[White "ocirema"]
[Black "incredible"]
[Result "1/2-1/2"]
[ECO "C65"]
[WhiteElo "2453"]
[BlackElo "2448"]
[WhiteEngine "stockfish_18011309_x64_modern_CTG"]
[BlackEngine "Stockfish_x64_bmi2"]
[EventType "Swiss"]
[WhiteTeam ""]
[BlackTeam ""]
[PlyCount "116"]
[TimeControl "720+1"]

1. e4 e5 2. Nf3 Nc6 3. Bb5 Nf6 4. d3 Bc5 5. c3 O-O 6. O-O d6 7. Nbd2 h6 8. h3 a6 
9. Ba4 b5 10. Bb3 Bb6 11. Re1 Be6 12. Bxe6 fxe6 13. Nf1 Nh5 14. Be3 Bxe3 
15. fxe3 Rb8 16. b4 a5 17. a3 Nf6 18. Qc2 Qe8 19. N1d2 axb4 20. axb4 g5 
21. Ra6 g4 22. hxg4 Nxg4 23. Nf1 Nd8 24. N1h2 Nxh2 25. Nxh2 Qg6 26. Ra7 Rc8 
27. Rf1 Nf7 28. Qf2 Ng5 29. Qe2 Rxf1+ 30. Nxf1 Kh8 31. Qg4 h5 32. Qg3 Rg8 
33. Rxc7 Qh6 34. Kh1 h4 35. Qg4 h3 36. g3 Rf8 37. Nh2 Rf2 38. c4 bxc4 
39. Rxc4 Kg7 40. Qd1 Qf6 41. Rc2 d5 42. Rxf2 Qxf2 43. Qf1 Qxg3 44. exd5 exd5 
45. Qg1 Qxg1+ 46. Kxg1 Kf6 47. Kf2 d4 48. exd4 e4 49. Ke3 exd3 50. b5 d2 
51. Kxd2 Ne4+ 52. Kd3 Nd6 53. b6 Ke6 54. Ke3 Nc4+ 55. Kf4 Nxb6 56. Kg3 Kd5 
57. Nf1 Kxd4 58. Kf4 Nd5+ 1/2-1/2

[Event "Sunday 21 January Rapid Engine Tour 12+1 Rounds 9 Starts 1600 ST"]
[Site "Infinity Chess"]
[Date "2018.1.21"]
[Round "3"]
[White "Deep_Impact"]
[Black "Ninja_Bp"]
[Result "1/2-1/2"]
[ECO "A40"]
[WhiteElo "2513"]
[BlackElo "2458"]
[WhiteEngine "BrainFish_180113_x64_modern"]
[BlackEngine "Houdini 6_CTG"]
[EventType "Swiss"]
[WhiteTeam ""]
[BlackTeam ""]
[PlyCount "207"]
[TimeControl "720+1"]

1. d4 c6 2. e4 d5 3. e5 c5 4. dxc5 e6 5. a3 Bxc5 6. Nf3 Ne7 7. b4 Bb6 8. Bb2 O-O 
9. Bd3 Ng6 10. h4 Nc6 11. h5 Nf4 12. Bb5 d4 13. g3 Nd5 14. h6 g6 15. O-O a5 
16. c4 dxc3 17. Nxc3 Nxc3 18. Bxc3 axb4 19. Bxb4 Nxb4 20. Qxd8 Rxd8 
21. axb4 Rxa1 22. Rxa1 Bc7 23. Kg2 Kf8 24. Re1 Bd7 25. Bxd7 Rxd7 26. Rc1 Ke7 
27. Kh3 f6 28. exf6+ Kxf6 29. Kg4 Bd6 30. Rd1 Ke7 31. Ng5 Bxb4 32. Rb1 Bd2 
33. f4 Ke8 34. Nxe6 Re7 35. Ng5 Bc3 36. Kf3 Bh8 37. Rb3 Bf6 38. Ne4 Kf7 
39. Rb6 Bd4 40. Rd6 Ba1 41. g4 Ke8 42. Rd2 Bh8 43. Nd6+ Kf8 44. Rc2 Rd7 
45. Rc8+ Ke7 46. Nxb7 Be5 47. Na5 Bb2 48. g5 Rd3+ 49. Kg4 Rd7 50. Nc4 Ba1 
51. Rc5 Rd8 52. Ne5 Ke6 53. Ra5 Bxe5 54. Rxe5+ Kf7 55. Rc5 Kf8 56. Rc3 Kg8 
57. Rc7 Re8 58. Rg7+ Kh8 59. Kh4 Rf8 60. Kg3 Rd8 61. Ra7 Rd3+ 62. Kf2 Rd8 
63. Kg2 Rc8 64. Kh2 Rc2+ 65. Kg1 Rc8 66. Rd7 Rb8 67. Rd4 Rc8 68. Rd7 Rb8 
69. Kf1 Kg8 70. Ke2 Re8+ 71. Kf3 Kh8 72. Rc7 Rb8 73. Ke2 Kg8 74. Rc4 Rf8 
75. Kd3 Rd8+ 76. Ke3 Re8+ 77. Kd2 Rd8+ 78. Ke2 Rf8 79. Ke3 Re8+ 80. Kf2 Ra8 
81. Rb4 Re8 82. Rc4 Ra8 83. Rb4 Re8 84. Kf1 Rf8 85. Kg1 Re8 86. Kg2 Rc8 
87. Kg1 Re8 88. Kg2 Rc8 89. Ra4 Rb8 90. Ra5 Rb2+ 91. Kh3 Rb3+ 92. Kh4 Rb8 
93. Re5 Rf8 94. Kg4 Rb8 95. Re4 Ra8 96. Kh3 Ra3+ 97. Kh4 Ra8 98. Rd4 Rb8 
99. Rc4 Ra8 100. Rc3 Rb8 101. Rg3 Rb4 102. Rf3 Re4 103. Kg4 Ra4 104. Kh4 1/2-1/2

[Event "Sunday 21 January Rapid Engine Tour 12+1 Rounds 9 Starts 1600 ST"]
[Site "Infinity Chess"]
[Date "2018.1.21"]
[Round "3"]
[White "SkyPilot"]
[Black "OlivierEvan"]
[Result "0-1"]
[ECO "C53"]
[WhiteElo "2463"]
[BlackElo "2402"]
[WhiteEngine "stockfish_x64_bmi2_2018_01_13_CTG"]
[BlackEngine "Houdini 6"]
[EventType "Swiss"]
[WhiteTeam ""]
[BlackTeam ""]
[PlyCount "292"]
[TimeControl "720+1"]

1. e4 e5 2. Nf3 Nc6 3. Bc4 Bc5 4. c3 Nf6 5. d3 d6 6. O-O a5 7. Re1 O-O 
8. Nbd2 h6 9. h3 Be6 10. Bb5 Qb8 11. Nf1 Qa7 12. Re2 a4 13. Ng3 Qa5 
14. Bxc6 bxc6 15. Nh4 Rfe8 16. Re1 d5 17. exd5 cxd5 18. Rxe5 Bf8 19. Qc2 c5 
20. Bd2 Nd7 21. Re2 c4 22. d4 a3 23. bxa3 Qxa3 24. Nf3 Reb8 25. Be3 Qa4 
26. Qd2 Ra6 27. Bf4 Rb7 28. Nh2 Nf6 29. Be5 Nh7 30. Rae1 Qd7 31. Bf4 g5 
32. Be3 Bd6 33. Nf3 Bxg3 34. fxg3 Bf5 35. Ne5 Qc8 36. Rf2 f6 37. Nf3 Bd3 
38. Qd1 Qc7 39. g4 Nf8 40. Nd2 Qa5 41. Qf3 Ng6 42. Rc1 Nh4 43. Qg3 Qxa2 
44. Nf1 Qa3 45. Bd2 Qf8 46. Re1 Qf7 47. Ne3 Rb3 48. Nf1 Rbb6 49. Bc1 Qd7 
50. Ne3 Kh7 51. Bd2 Re6 52. Rc1 Ng6 53. Nc2 Ra8 54. Ne3 Ra2 55. Rd1 Rea6 
56. Nf5 Ne7 57. Ne3 Ra1 58. Re1 Kg7 59. Kh2 R6a3 60. h4 Ra6 61. h5 R1a3 
62. Rc1 Rb3 63. Be1 Qe6 64. Bd2 Rb7 65. Re1 Qd7 66. Kg1 Rbb6 67. Qf3 Ra3 
68. Rc1 Be4 69. Qg3 Qb7 70. Re1 Bd3 71. Kh1 Qd7 72. Kh2 Ra5 73. Qf3 Qd6+ 
74. Kg1 Rb2 75. Nxc4 dxc4 76. Bf4 Qxf4 77. Rxb2 Qxf3 78. gxf3 Ra7 79. Rb5 Rd7 
80. Ra5 Nd5 81. Ra3 f5 82. gxf5 Bxf5 83. Re5 Bd3 84. Kf2 Nf4 85. Ra6 Rf7 
86. Rc6 Nxh5 87. d5 Nf4 88. d6 Bf5 89. Ra5 Be6 90. Rc7 Kf6 91. Rxf7+ Bxf7 
92. Ra7 h5 93. Rc7 h4 94. d7 Ne6 95. Rxc4 Ke7 96. Rb4 Kxd7 97. Rb7+ Nc7 
98. Rb1 Nd5 99. Rg1 Nf4 100. Ke3 Nh3 101. Rc1 Kd6 102. c4 Nf4 103. Rd1+ Ke6 
104. Rf1 Ke5 105. Rg1 Kf5 106. Rc1 Be8 107. Ra1 Bd7 108. Ra5+ Kf6 109. Ra1 Ng6 
110. Rd1 Ke6 111. c5 Be8 112. Rd4 Ne7 113. Rd8 Nf5+ 114. Kf2 Bc6 115. Rg8 Kf6 
116. Rd8 Ke5 117. Rc8 Nd4 118. Ke3 Bd5 119. Re8+ Ne6 120. Rc8 Bb7 121. Rh8 Ng7 
122. Kf2 Bc6 123. Rg8 Ne6 124. Rg6 Kf5 125. Rh6 Bd5 126. Rh8 Nxc5 127. Rf8+ Ke5 
128. Rh8 Kd4 129. Rd8 Nd3+ 130. Kg1 Ne5 131. Kh2 Nxf3+ 132. Kh3 Ke4 133. Rd6 Ke5 
134. Rd8 Be6+ 135. Kg2 g4 136. Kh1 g3 137. Re8 Ne1 138. Kg1 h3 139. Kf1 h2 
140. Ke2 h1=Q 141. Re7 g2 142. Kd1 Nd3+ 143. Kc2 Kd4 144. Rd7+ Bxd7 
145. Kd2 g1=Q 146. Ke2 Qd1# 0-1